Map: Abyssal Reef LE

Players

NightEnD

  • Race: Protoss Protoss
  • Spawn Location: 5:00

PtitDrogo - Winner!

  • Race: Protoss Protoss
  • Spawn Location: 11:00

Event: WCS Valencia 2017

VOD

Have the link to the VOD?

Description

Time

  • Played on: July 13, 2017, 10:08 a.m.
  • Length: 11:59

All games in this series

Show
View Real Time Build Order
Export as new Build Order

NightEnD Protoss 

Build Orders:  

Get SALT Encoding   

  12  0:01  Probe (Chrono Boost)  
  13  0:11  Probe (Chrono Boost)  
  14  0:18  Pylon  
  14  0:23  Probe (Chrono Boost)  
  15  0:37  Probe (Chrono Boost)  
  15  0:39  Gateway  
  16  0:47  Probe (Chrono Boost), Assimilator  
  17  0:52  Assimilator  
  17  0:58  Probe (Chrono Boost)  
  18  1:08  Probe (Chrono Boost)  
  18  1:09  Gateway  
  19  1:19  Probe (Chrono Boost)  
  20  1:26  Cybernetics Core  
  20  1:29  Probe (Chrono Boost)  
  21  1:34  Pylon  
  22  1:40  Probe (Chrono Boost)  
  22  1:50  Probe (Chrono Boost)  
  23  2:05  Adept x2  
  23  2:06  Warp Gate (Chrono Boost)  
  23  2:08  Mothership Core  
  29  2:15  Pylon  
  29  2:36  Probe  
  30  2:46  Nexus  
  30  2:49  Probe (Chrono Boost)  
  31  2:55  Sentry  
  31  2:56  Sentry  
  35  3:00  Probe (Chrono Boost)  
  36  3:15  Probe (Chrono Boost), Robotics Facility  
  37  3:26  Probe (Chrono Boost)  
  38  3:28  Pylon  
  38  3:36  Probe (Chrono Boost)  
  39  3:44  Twilight Council  
  39  3:47  Probe (Chrono Boost)  
  38  3:57  Probe (Chrono Boost)  
  38  3:59  Probe (Chrono Boost)  
  38  4:06  Immortal (Chrono Boost)  
  38  4:09  Probe  
  43  4:11  Stalker  
  43  4:16  Stalker  
  47  4:17  Probe  
  47  4:23  Probe  
  49  4:27  Probe  
  49  4:31  Blink (Chrono Boost)  
  50  4:35  Probe  
  50  4:38  Probe  
  51  4:40  Forge, Observer (Chrono Boost)  
  53  4:50  Pylon  
  55  4:54  Immortal (Chrono Boost)  
  57  5:03  Probe x2  
  57  5:04  Assimilator  
  57  5:06  Assimilator  
  59  5:08  Sentry  
  59  5:12  Gateway  
  59  5:13  Gateway  
  61  5:14  Stalker  
  61  5:16  Probe  
  61  5:18  Probe  
  65  5:28  Probe, Warp Prism  
  65  5:31  Pylon  
  68  5:35  Stalker  
  70  5:45  Pylon  
  70  5:50  Stalker  
  70  5:54  Gateway  
  70  5:55  Gateway  
  72  6:00  Stalker  
  74  6:15  Stalker x3  
  80  6:21  Stalker  
  80  6:25  Pylon  
  82  6:42  Stalker x2  
  82  6:43  Stalker x2  
  90  6:49  Pylon  
  90  6:58  Stalker  
  86  7:03  Stalker x2  
  86  7:04  Stalker  
  90  7:12  Stalker x2  
  87  7:23  Stalker x2  
  87  7:27  Stalker  
  87  7:28  Stalker  
  95  7:36  Stalker  
  91  7:37  Stalker  
  93  7:46  Stalker x2  
  95  7:52  Stalker x2  
  99  8:01  Stalker  
  99  8:03  Stalker  
  97  8:13  Stalker x2  
  79  8:25  Stalker x2  
  79  8:26  Stalker  
  77  8:32  Stalker  
  79  8:36  Stalker  
  79  8:37  Stalker  
  69  8:58  Pylon  
  69  9:00  Charge (Chrono Boost), Pylon, Templar Archives  
  67  9:04  Zealot, Sentry x2  
  67  9:05  Zealot x3  
  79  9:14  Pylon  
  75  9:30  Zealot x2  
  75  9:31  Zealot x2  
  83  9:32  Zealot x2  
  65  9:56  Immortal  
  69  10:02  Zealot x4, High Templar x2  
  81  10:07  Archon  
  81  10:28  Zealot, High Templar x2  
  85  10:29  Zealot  
  85  10:35  Immortal (Chrono Boost)  
  93  10:41  Nexus  
  87  11:03  Archon  
  83  11:04  High Templar x2  
  83  11:08  Archon  
  83  11:10  Zealot, High Templar x2  
  83  11:11  Zealot  
  95  11:13  Warp Prism (Chrono Boost)  
  95  11:15  Archon  
  97  11:18  Pylon  
  97  11:21  Pylon  
  97  11:22  Pylon  
  97  11:27  Probe x2  
  97  11:35  Zealot x3  
  97  11:37  Zealot  
  105  11:42  Probe  
  105  11:43  Probe  
  107  11:50  Zealot x2  
Show
View Real Time Build Order
Export as new Build Order

PtitDrogo Protoss - Winner!

Build Orders: Blink Stalkers, Zealot Archon 

Get SALT Encoding   

  12  0:01  Probe (Chrono Boost)  
  13  0:11  Probe (Chrono Boost)  
  14  0:17  Pylon  
  14  0:22  Probe (Chrono Boost)  
  15  0:35  Probe (Chrono Boost)  
  16  0:36  Gateway  
  16  0:42  Assimilator  
  16  0:46  Probe (Chrono Boost)  
  17  0:51  Assimilator  
  18  0:57  Probe (Chrono Boost)  
  18  1:06  Gateway  
  18  1:07  Probe (Chrono Boost)  
  19  1:18  Probe (Chrono Boost)  
  20  1:23  Cybernetics Core  
  20  1:28  Probe (Chrono Boost)  
  21  1:33  Pylon  
  21  1:39  Probe (Chrono Boost)  
  22  1:50  Probe (Chrono Boost)  
  23  2:00  Mothership Core (Chrono Boost), Warp Gate (Chrono Boost)  
  29  2:13  Nexus  
  25  2:23  Stalker  
  25  2:29  Stalker  
  29  2:35  Probe  
  30  2:40  Pylon  
  30  2:47  Probe  
  31  2:58  Stalker  
  33  3:01  Stalker  
  35  3:06  Probe  
  36  3:17  Twilight Council  
  36  3:18  Probe  
  37  3:25  Probe  
  37  3:30  Probe  
  39  3:36  Probe  
  40  3:43  Probe  
  41  3:55  Blink (Chrono Boost)  
  40  3:58  Probe  
  40  3:59  Probe  
  40  4:00  Sentry x2  
  46  4:09  Probe, Pylon  
  46  4:11  Probe  
  46  4:14  Robotics Facility  
  48  4:19  Probe  
  48  4:23  Probe  
  50  4:30  Probe  
  50  4:35  Probe  
  52  4:40  Probe, Nexus  
  53  4:45  Pylon  
  53  4:48  Probe, Phoenix  
  53  4:51  Probe  
  55  4:58  Gateway  
  55  5:00  Probe, Gateway  
  55  5:03  Observer (Chrono Boost)  
  55  5:04  Probe  
  58  5:07  Assimilator  
  58  5:10  Sentry  
  58  5:11  Assimilator  
  58  5:12  Probe  
  61  5:16  Probe  
  62  5:24  Probe  
  62  5:25  Immortal (Chrono Boost)  
  62  5:28  Probe  
  68  5:33  Phoenix  
  68  5:36  Charge, Probe  
  68  5:38  Gateway  
  68  5:40  Probe  
  70  5:44  Gateway  
  70  5:50  Probe  
  70  5:51  Probe  
  70  5:52  Probe, Templar Archives  
  73  6:00  Probe  
  73  6:03  Probe  
  75  6:04  Probe  
  75  6:06  Pylon x2  
  75  6:07  Pylon  
  75  6:10  Pylon  
  81  6:19  Immortal (Chrono Boost)  
  81  6:22  Stalker x2  
  81  6:25  Pylon  
  84  6:26  Zealot  
  84  6:28  Zealot  
  88  6:44  High Templar x2  
  88  6:45  Zealot x2  
  88  6:46  Zealot  
  98  6:48  Archon  
  98  6:49  Zealot  
  96  7:06  Zealot x2  
  99  7:10  Immortal (Chrono Boost)  
  99  7:12  Probe  
  99  7:13  Pylon  
  99  7:16  Pylon  
  99  7:17  Pylon  
  99  7:19  Pylon, High Templar x2  
  99  7:20  Zealot  
  100  7:23  Archon  
  100  7:28  Zealot x3  
  100  7:36  Mothership Core  
  92  7:40  Zealot  
  96  7:44  Immortal (Chrono Boost)  
  96  7:47  Pylon  
  92  7:51  Zealot x3  
  92  7:52  Stalker  
  98  8:01  Zealot x2  
  96  8:14  Zealot x3  
  96  8:18  Immortal (Chrono Boost)  
  90  8:27  Zealot x3  
  80  8:31  Probe x2  
  84  8:35  Stalker x2  
  84  8:37  Probe  
  87  8:43  Probe  
  87  8:47  Probe  
  84  8:48  Probe  
  84  8:55  Forge, Probe  
  91  8:56  Immortal (Chrono Boost)  
  91  8:58  Probe  
  91  9:01  Probe  
  93  9:05  Assimilator  
  93  9:06  Sentry  
  93  9:07  Sentry x2  
  93  9:09  Pylon, Assimilator  
  99  9:13  Mothership Core  
  101  9:20  High Templar  
  101  9:21  Zealot, Pylon, High Templar  
  107  9:26  Archon  
  107  9:30  Stalker x2  
  107  9:31  Stalker  
  108  9:42  Stalker  
  102  9:50  Protoss Ground Weapons Level 1 (Chrono Boost)  
  97  9:53  Zealot x4  
  97  9:57  Probe  
  105  10:00  Probe  
  105  10:01  Probe  
  108  10:07  Observer (Chrono Boost)  
  108  10:09  Phoenix  
  108  10:10  Probe  
  108  10:12  Pylon  
  109  10:18  Probe  
  109  10:20  Probe  
  111  10:22  Probe  
  111  10:24  Photon Cannon  
  111  10:27  Warp Prism (Chrono Boost)  
  114  10:30  Probe  
  114  10:32  Probe  
  114  10:34  Probe  
  117  10:39  Stalker x3  
  123  10:51  Zealot x3  
  119  11:02  Probe  
  119  11:03  Probe x2  
  122  11:12  Probe  
  122  11:15  Probe x2, High Templar  
  122  11:16  High Templar x3  
  122  11:17  Pylon, High Templar  
  122  11:18  High Templar  
  137  11:19  Archon  
  137  11:20  Archon  
  137  11:22  Archon  
  137  11:26  Pylon  
  137  11:48  Zealot x4  
  145  11:55  Zealot x2  
Tags
 
Add a new tag
Caveats
  • Supply blocks, unpowered buildings, or Contaminate may cause inaccurate times.
  • Supply counts are checked every 10 seconds.